[Event "Titled Tuesday Blitz October 18 Late 2022"]
[White "Zakaryan, David"]
[Black "Fawzy, Adham"]
[WhiteFideId "24101923"]
[BlackFideId "10613129"]
[WhiteElo "2409"]
[BlackElo "2541"]
[Result "0-1"]
[Round "04"]
[TimeControl "180+1"]
[Date "2022.10.18"]
[WhiteClock "0:00:06"]
[BlackClock "0:00:14"]

1. g3 c5 2. Bg2 Nc6 3. Nf3 g6 4. d4 cxd4 5. Nxd4 Bg7 6. Nb3 d6 7. O-O Nf6 8. Nc3 O-O 9. a4 Be6 10. Ra3 Rc8 11. e4 Ne5 12. Nd5 Nc4 13. Ra2 Nxd5 14. exd5 Bd7 15. c3 Qb6 16. Re1 Rfe8 17. a5 Qa6 18. Nd4 b5 19. f4 Nb6 20. Nc6 Nxd5 21. Nd4 Nf6 22. Nc2 Rb8 23. Be3 Ng4 24. Nb4 Nxe3 25. Nxa6 Nxd1 26. Nxb8 Rxb8 27. Rxd1 b4 28. c4 b3 29. Raa1 Bxb2 30. Rab1 Bf6 31. Be4 b2 32. c5 Be6 33. cxd6 exd6 34. Rxd6 Kg7 35. Ra6 Ba2 36. Rxa7 Re8 37. Rb7 Bxb1 38. Bxb1 Re1+ 39. Kf2 Rxb1 40. a6 Ra1 41. a7 Rxa7 0-1


[Site "https://www.chess.com"]

[Event "Titled Tuesday Blitz October 18 Late 2022"]
[White "Zeynalli, Rashad"]
[Black "Rangel, Daniel"]
[WhiteFideId "13403320"]
[BlackFideId "2124475"]
[WhiteElo "2125"]
[BlackElo "2225"]
[Result "1-0"]
[Round "04"]
[TimeControl "180+1"]
[Date "2022.10.19"]
[WhiteClock "0:00:14"]
[BlackClock "0:00:04"]

1. d4 Nf6 2. Bf4 c5 3. e3 b6 4. Nf3 Bb7 5. Bd3 g6 6. h3 Bg7 7. O-O O-O 8. Qe2 d6 9. c3 Nbd7 10. e4 Nh5 11. Bh2 cxd4 12. cxd4 e5 13. Nc3 a6 14. dxe5 dxe5 15. Rfd1 Nf4 16. Bxf4 exf4 17. Nd5 g5 18. Rac1 Bxd5 19. exd5 Nc5 20. Bb1 a5 21. d6 f5 22. Ne5 Qf6 23. Rxc5 bxc5 24. Nd7 Qxb2 25. Qxb2 Bxb2 26. Nxf8 Rxf8 27. d7 Bd4 28. Bxf5 Rd8 29. Re1 Bf6 30. Re6 Kf7 31. Rc6 Bd4 32. Ra6 c4 33. Be6+ Ke7 34. Bxc4 Rxd7 35. Rxa5 Bf6 36. Ra6 Rd1+ 37. Kh2 Rd2 38. Re6+ Kd7 39. Rxf6 Rxf2 40. Rf7+ Kd6 41. Kg1 Rc2 42. Bb3 Rc1+ 43. Kf2 h5 44. Rf5 g4 45. Rxh5 g3+ 46. Kf3 Rf1+ 47. Kg4 Rf2 48. Rg5 Rxg2 49. Kxf4 Rf2+ 50. Kxg3 Rf1 51. h4 Rg1+ 52. Kh2 Rb1 53. h5 Ke7 54. h6 Rb2+ 55. Rg2 Rb1 56. h7 1-0


[Site "https://www.chess.com"]

[Event "Titled Tuesday Blitz October 18 Late 2022"]
[White "Zhigalko, Sergei"]
[Black "Gubajdullin, Alexei"]
[WhiteFideId "13502956"]
[BlackFideId "4141202"]
[WhiteElo "2662"]
[BlackElo "2200"]
[Result "1-0"]
[Round "04"]
[TimeControl "180+1"]
[Date "2022.10.18"]
[WhiteClock "0:00:09"]
[BlackClock "0:00:02"]

1. e4 c6 2. d4 d5 3. e5 Bf5 4. Nf3 e6 5. Be2 Nd7 6. O-O Ne7 7. Nbd2 h6 8. a4 Bh7 9. a5 a6 10. c3 Ng6 11. Re1 Be7 12. b4 O-O 13. Bd3 Re8 14. Nb3 Ngf8 15. g3 Bxd3 16. Qxd3 Qc7 17. h4 Rad8 18. Bf4 Ng6 19. Bd2 Bf8 20. h5 Ne7 21. Bf4 Qc8 22. Kg2 Kh8 23. Nh4 Ng8 24. g4 Be7 25. Bg3 Nf8 26. Re2 Nh7 27. Rae1 Rf8 28. f4 Rde8 29. Nf3 Bd8 30. Nc5 Be7 31. Nb3 Bd8 32. Nbd2 Be7 33. Nf1 Bd8 34. Ne3 Qd7 35. Nd1 Bc7 36. Nf2 Bd8 37. Nh3 Be7 38. f5 Qd8 39. fxe6 fxe6 40. Nf4 Rxf4 41. Bxf4 Rf8 42. Qe3 Bg5 43. Bxg5 hxg5 44. Rf2 Rf4 45. Nh2 Rxf2+ 46. Qxf2 Nh6 47. Rf1 Kg8 48. Qc2 Nf8 49. Kg3 Qe7 50. Qd2 Nh7 51. Qd3 Nf8 52. Nf3 Nf7 53. Nd2 Nh6 54. Nb3 Nh7 55. Nc5 Nf7 56. Qg6 Nf8 57. Qxf7+ Qxf7 58. Rxf7 Kxf7 59. Nxb7 Nd7 60. Nd8+ Ke8 61. Nxe6 Nb8 62. Nxg5 Ke7 63. Kf4 Nd7 64. Nf3 Nf8 65. g5 Ne6+ 66. Kg4 Nc7 67. h6 gxh6 68. gxh6 Kf7 69. Kh5 Kg8 70. Ng5 Ne8 71. Kg6 1-0


[Site "https://www.chess.com"]

[Event "Titled Tuesday Blitz October 18 Late 2022"]
[White "Zou, Chen"]
[Black "Zochowski, Kacper"]
[WhiteFideId "8610959"]
[BlackFideId "1125494"]
[WhiteElo "2699"]
[BlackElo "2516"]
[Result "1-0"]
[Round "04"]
[TimeControl "180+1"]
[Date "2022.10.19"]
[WhiteClock "0:00:16"]
[BlackClock "0:00:09"]

1. d4 d6 2. c4 g6 3. Nf3 Bg7 4. g3 e5 5. Bg2 Nc6 6. d5 Nce7 7. e4 f5 8. exf5 gxf5 9. Nc3 Nf6 10. O-O O-O 11. Nh4 Ng6 12. Bg5 Nxh4 13. Bxh4 a6 14. f4 e4 15. Qd2 Qe8 16. Nd1 b5 17. Ne3 bxc4 18. Rac1 Rb8 19. Rxc4 Ng4 20. Nxg4 fxg4 21. Rxe4 Qb5 22. b3 Bf5 23. Re7 Rfe8 24. Rfe1 Rxe7 25. Rxe7 Re8 26. Rxe8+ Qxe8 27. h3 gxh3 28. Bf3 Qb5 29. Kh2 a5 30. g4 Bd7 31. Qe2 Qc5 32. Kxh3 a4 33. Kg2 axb3 34. axb3 Qc1 35. Bg3 Qc3 36. Qc4 Qd2+ 37. Qe2 Qa5 38. f5 Qc3 39. Qc4 Qd2+ 40. Qe2 Qd4 41. Qe7 Bb5 42. Qd8+ Kf7 43. Qxc7+ Kg8 44. Qb8+ Bf8 45. Qxb5 Qd2+ 46. Qe2 Qc1 47. Qe6+ Kh8 48. Qe2 Qc3 49. Bf2 Bg7 50. Qe8+ 1-0


[Site "https://www.chess.com"]

[Event "Titled Tuesday Blitz October 18 Late 2022"]
[White "miragha_yev"]
[Black "Kouskoutis, Georgios-Alexandros"]
[BlackFideId "4234049"]
[WhiteElo "2754"]
[BlackElo "2572"]
[Result "1-0"]
[Round "04"]
[TimeControl "180+1"]
[Date "2022.10.19"]
[WhiteClock "0:01:40"]
[BlackClock "0:00:04"]

1. c4 Nf6 2. Nf3 e6 3. b3 d5 4. e3 Be7 5. Bb2 O-O 6. Be2 c5 7. O-O Nc6 8. cxd5 Nxd5 9. d4 Bf6 10. Na3 cxd4 11. Nxd4 Bd7 12. Bf3 Nxd4 13. Bxd4 Bc6 14. Nc4 Rc8 15. Ne5 Bxe5 16. Bxe5 Qg5 17. Bd4 Rfd8 18. Qe2 Nb4 19. Bxc6 Nxc6 20. Bb2 h6 21. Rfd1 a6 22. h3 Qe7 23. Qg4 f6 24. Qe4 Kf7 25. Rac1 Rxd1+ 26. Rxd1 Rd8 27. Qc2 Rxd1+ 28. Qxd1 Qd8 29. Qh5+ Kf8 30. Qg6 Qd1+ 31. Kh2 Qd6+ 32. f4 Ne7 33. Qc2 Nd5 34. Qc1 g5 35. Ba3 Nb4 36. Qc3 a5 37. Qxf6+ Ke8 38. Qxh6 gxf4 39. Qxf4 e5 40. Qe4 b6 41. Bxb4 axb4 42. h4 Kd7 43. h5 Qf6 44. Qb7+ Ke8 45. Qc8+ Kf7 46. Qd7+ Kg8 47. Qe8+ Kg7 48. Qg6+ Qxg6 49. hxg6 Kxg6 50. g4 Kg5 51. Kg3 b5 52. e4 Kg6 53. Kh4 1-0


[Site "https://www.chess.com"]

[Event "Titled Tuesday Blitz October 18 Late 2022"]
[White "Aggelis, Nikolaos"]
[Black "Jean Louis, Marckens"]
[WhiteFideId "4213220"]
[BlackFideId "11900270"]
[WhiteElo "2187"]
[BlackElo "2030"]
[Result "0-1"]
[Round "05"]
[TimeControl "180+1"]
[Date "2022.10.19"]
[WhiteClock "0:00:48"]
[BlackClock "0:00:33"]

1. e4 e6 2. d4 d5 3. Nd2 Nf6 4. Bd3 dxe4 5. Nxe4 Be7 6. Nf3 O-O 7. O-O b6 8. Qe2 Bb7 9. c3 Nbd7 10. Bf4 c5 11. Rad1 cxd4 12. Nxd4 Nxe4 13. Bxe4 Bxe4 14. Qxe4 Nc5 15. Qf3 Qc8 16. Nc6 Re8 17. Rd2 Bf8 18. b4 Na4 19. c4 Qb7 20. Rfd1 Rac8 21. b5 Nc5 22. Be3 Rc7 23. Bxc5 Bxc5 24. Rd8 Rxd8 25. Rxd8+ Bf8 26. Rb8 Qxb8 27. Nxb8 Rxc4 28. Nd7 Rc1+ 0-1


[Site "https://www.chess.com"]

[Event "Titled Tuesday Blitz October 18 Late 2022"]
[White "Aghasiyev, Kamal"]
[Black "Mendez Fortes, Eduardo Jesus"]
[WhiteFideId "13402854"]
[BlackFideId "3502376"]
[WhiteElo "2608"]
[BlackElo "2466"]
[Result "1-0"]
[Round "05"]
[TimeControl "180+1"]
[Date "2022.10.19"]
[WhiteClock "0:00:25"]
[BlackClock "0:00:55"]

1. d4 Nf6 2. c4 e6 3. Nc3 Bb4 4. Qc2 O-O 5. e4 d6 6. Bd3 Nbd7 7. Ne2 c5 8. O-O Bxc3 9. bxc3 e5 10. f4 exd4 11. cxd4 cxd4 12. Bb2 Nc5 13. Bxd4 Nxd3 14. Qxd3 Re8 15. Ng3 Qe7 16. Rae1 b6 17. e5 Ng4 18. Qf3 Bd7 19. e6 Bxe6 20. f5 Qh4 21. h3 Bxc4 22. hxg4 Bxf1 23. Rxf1 Rac8 24. Nh5 f6 25. Nf4 Re1 26. g3 Rxf1+ 27. Kxf1 Rc1+ 28. Ke2 Qh2+ 29. Ng2 Rc2+ 30. Kf1 Qh1+ 31. Bg1 Rc1+ 32. Ke2 Qxg1 33. Qd5+ Kf8 34. Qa8+ Ke7 35. Qb7+ Kd8 36. Qb8+ Kd7 37. Qb7+ Rc7 38. Qe4 Qd4 39. Qxd4 1-0


[Site "https://www.chess.com"]

[Event "Titled Tuesday Blitz October 18 Late 2022"]
[White "Aldokhin, Ivan"]
[Black "Leschinsky, Gary"]
[WhiteFideId "24115720"]
[BlackFideId "30951321"]
[WhiteElo "2313"]
[BlackElo "1855"]
[Result "1-0"]
[Round "05"]
[TimeControl "180+1"]
[Date "2022.10.19"]
[WhiteClock "0:00:09"]
[BlackClock "0:00:52"]

1. e4 c5 2. Nf3 e6 3. d4 cxd4 4. Nxd4 Nc6 5. Nc3 Qc7 6. Be3 a6 7. Bd3 Nf6 8. O-O Nxd4 9. Bxd4 Bc5 10. Bxc5 Qxc5 11. Kh1 d6 12. f4 O-O 13. Qe2 b5 14. e5 Nd5 15. Ne4 Qc7 16. Nxd6 Bd7 17. Qh5 g6 18. Qh6 f5 19. exf6 Nxf6 20. Ne4 Bc6 21. Ng5 Bd5 22. Rae1 Rae8 23. Qh3 Qc6 24. Re2 Nh5 25. Qh4 e5 26. Nxh7 Rxf4 27. Rxf4 exf4 28. Rxe8+ Qxe8 29. Ng5 Qe3 30. Nh3 Kg7 31. Qf2 Qc1+ 32. Ng1 Qxb2 33. Qa7+ Kh6 34. Qxa6 b4 35. Qxg6# 1-0


[Site "https://www.chess.com"]

[Event "Titled Tuesday Blitz October 18 Late 2022"]
[White "Amburgy, Ryan"]
[Black "Deac, Bogdan-Daniel"]
[WhiteFideId "30924820"]
[BlackFideId "1226380"]
[WhiteElo "2121"]
[BlackElo "2648"]
[Result "1-0"]
[Round "05"]
[TimeControl "180+1"]
[Date "2022.10.18"]
[WhiteClock "0:00:24"]
[BlackClock "0:00:04"]

1. Nf3 Nf6 2. c4 g6 3. Nc3 Bg7 4. e4 d6 5. d4 O-O 6. Be2 c5 7. d5 e6 8. h3 Re8 9. O-O Na6 10. Re1 exd5 11. exd5 Bf5 12. Nh4 Bd7 13. Nf3 Qb6 14. a3 h6 15. Bd3 Rxe1+ 16. Qxe1 Re8 17. Qd1 Nh7 18. Qc2 Qd8 19. Bd2 f5 20. Rb1 Ng5 21. Qd1 Ne4 22. Ne2 Nc7 23. b4 b6 24. bxc5 dxc5 25. Bf4 g5 26. Bxc7 Qxc7 27. Nd2 Nxd2 28. Qxd2 f4 29. Nc3 Qe5 30. Ne4 Qd4 31. Re1 b5 32. Qc2 bxc4 33. Qxc4 Kf8 34. Kf1 Qxc4 35. Bxc4 Bd4 36. Nd6 Rxe1+ 37. Kxe1 f3 38. g4 h5 39. gxh5 Bxh3 40. Ne4 g4 41. h6 g3 42. Nxg3 Ke7 43. Bd3 Kf6 44. d6 Ke6 45. Bf5+ Bxf5 46. Nxf5 Kxf5 47. d7 Bf6 48. h7 c4 49. h8=Q Bxh8 50. d8=Q Bc3+ 51. Kd1 Be5 52. Qd5 c3 53. Qxf3+ 1-0


[Site "https://www.chess.com"]

[Event "Titled Tuesday Blitz October 18 Late 2022"]
[White "Ansh M Shah"]
[Black "Djokic, Mihailo"]
[WhiteFideId "25033379"]
[BlackFideId "976440"]
[WhiteElo "2084"]
[BlackElo "2315"]
[Result "0-1"]
[Round "05"]
[TimeControl "180+1"]
[Date "2022.10.19"]
[WhiteClock "0:00:05"]
[BlackClock "0:01:50"]

1. d4 Nf6 2. c4 g6 3. h4 h5 4. Nc3 b6 5. e4 Bb7 6. e5 Ne4 7. Nxe4 Bxe4 8. d5 d6 9. Qd4 Bf5 10. e6 Rg8 11. exf7+ Kxf7 12. Nf3 Bg7 13. Ng5+ Ke8 14. Qe3 Nd7 15. Ne6 Qc8 16. Bd3 Bxd3 17. Qxd3 Ne5 18. Qe4 Bf6 19. O-O c6 20. Re1 cxd5 21. Qxd5 Kd7 22. b3 Qc6 23. Qxc6+ Nxc6 24. Rb1 Bxh4 25. Bg5 Bxg5 26. Nxg5 Nd4 27. Rbd1 e5 28. Nf3 Nxf3+ 29. gxf3 Rgf8 30. Rxe5 Rxf3 31. Rg5 Rf6 32. b4 Kc6 33. a4 Re8 34. Rgd5 Re4 35. c5 bxc5 36. bxc5 dxc5 37. Rd7 Rxa4 38. Rg7 Rg4+ 39. Kf1 Rgf4 40. Rd2 h4 41. Rxa7 h3 42. Ra6+ Kb5 43. Rxf6 Rxf6 44. Kg1 Rf3 45. Kh2 g5 46. Rd5 g4 47. Rg5 Rxf2+ 48. Kg3 Rg2+ 49. Kf4 h2 50. Rh5 g3 51. Kf3 Rg1 0-1


[Site "https://www.chess.com"]

[Event "Titled Tuesday Blitz October 18 Late 2022"]
[White "Antonio, Jorge Carlos"]
[Black "Burke, Paul"]
[WhiteFideId "113190"]
[BlackFideId "2605767"]
[WhiteElo "2247"]
[BlackElo "1882"]
[Result "1/2-1/2"]
[Round "05"]
[TimeControl "180+1"]
[Date "2022.10.19"]
[WhiteClock "0:00:25"]
[BlackClock "0:00:09"]

1. d4 a6 2. Nf3 d6 3. e4 g6 4. c4 Nd7 5. Nc3 Bg7 6. Be3 h6 7. Qd2 e6 8. Bd3 Ne7 9. O-O b6 10. Rae1 Bb7 11. d5 e5 12. h3 f5 13. exf5 gxf5 14. Nh4 f4 15. Bxf4 exf4 16. Nf5 Be5 17. Qe2 Nxf5 18. Bxf5 O-O 19. Be6+ Kg7 20. Qg4+ Qg5 21. Bxd7 Qxg4 22. Bxg4 Bxc3 23. bxc3 Rae8 24. Be6 Bc8 25. Bxc8 Rxc8 26. a4 Rce8 27. f3 Re5 28. Rxe5 dxe5 29. Kf2 a5 30. Ke2 Kf6 31. Kd3 Kf5 32. Rb1 Rg8 33. Rb2 Re8 34. Rb5 e4+ 35. fxe4+ Ke5 36. c5 Rg8 37. cxb6 cxb6 38. Rxb6 Rg3+ 39. Kc4 Kxe4 40. Re6+ Kf5 41. Rxh6 Rxg2 42. Kc5 f3 43. Rh8 Rg6 44. Rh5+ Kf6 45. Rh4 Kf5 46. Rh5+ Kf6 47. Rh8 Rg7 48. Rh4 Kf5 49. Rh8 Kf6 50. Rh4 Kf5 51. Rh8 Kf6 1/2-1/2


[Site "https://www.chess.com"]

[Event "Titled Tuesday Blitz October 18 Late 2022"]
[White "Aqib Javaid Butt"]
[Black "Bettalli, Francesco"]
[WhiteFideId "7801262"]
[BlackFideId "2816453"]
[WhiteElo "1659"]
[BlackElo "2216"]
[Result "0-1"]
[Round "05"]
[TimeControl "180+1"]
[Date "2022.10.19"]
[WhiteClock "0:00:35"]
[BlackClock "0:00:14"]

1. d4 Nf6 2. Nf3 g6 3. c4 Bg7 4. Nc3 O-O 5. g3 d6 6. Bg2 Nc6 7. O-O a6 8. d5 Na5 9. Nd2 c5 10. Qc2 Rb8 11. a4 Ne8 12. b3 b5 13. Bb2 bxc4 14. bxc4 Rb4 15. Rab1 Nxc4 16. Nxc4 Rxc4 17. Ba1 Qa5 18. Rfc1 Nc7 19. Qd3 Rb4 20. Rxb4 cxb4 21. Ne4 Bxa1 22. Rxa1 Bf5 23. Qc4 Kg7 24. g4 Bxe4 25. Bxe4 Rb8 26. Rc1 Ne8 27. Qd4+ Kg8 28. g5 b3 29. Rc3 b2 30. Rh3 b1=Q+ 31. Bxb1 Rxb1+ 32. Kg2 Qe1 33. Qh4 Qh1+ 34. Kg3 Rg1+ 35. Kf4 h5 36. gxh6 Qxd5 37. h7+ Kh8 38. Qxe7 Qf5+ 39. Ke3 Qxh3+ 40. Kd2 Qh6+ 41. e3 Ng7 42. Qxf7 Kxh7 0-1


[Site "https://www.chess.com"]

[Event "Titled Tuesday Blitz October 18 Late 2022"]
[White "Arkell, Keith C"]
[Black "Alexikov, Alexander"]
[WhiteFideId "400270"]
[BlackFideId "14103958"]
[WhiteElo "2336"]
[BlackElo "2222"]
[Result "1-0"]
[Round "05"]
[TimeControl "180+1"]
[Date "2022.10.19"]
[WhiteClock "0:01:02"]
[BlackClock "0:00:01"]

1. d4 Nf6 2. Nf3 g6 3. c4 Bg7 4. g3 d6 5. Bg2 O-O 6. O-O c6 7. Nc3 Qa5 8. e4 Bg4 9. h3 Bxf3 10. Bxf3 Nfd7 11. a3 c5 12. e5 Nc6 13. Bxc6 bxc6 14. exd6 cxd4 15. dxe7 Rfe8 16. Qa4 Qf5 17. Ne2 Rxe7 18. Qxc6 Rae8 19. Nf4 Ne5 20. Qg2 Nxc4 21. b3 d3 22. Ra2 Na5 23. Rd2 Rd7 24. Rfd1 Red8 25. Bb2 Nxb3 26. Bxg7 Nxd2 27. Ba1 Nb3 28. Bb2 d2 29. Qc6 Nd4 30. Qg2 Qc2 31. Rxd2 Qxd2 32. Bxd4 Qxd4 33. Kh2 g5 34. Nh5 Rd6 35. Qf3 h6 36. g4 1-0


[Site "https://www.chess.com"]

[Event "Titled Tuesday Blitz October 18 Late 2022"]
[White "Arnold, Ken"]
[Black "Mohammadian, Mohammad"]
[WhiteFideId "2056836"]
[BlackFideId "12566055"]
[WhiteElo "2333"]
[BlackElo "1489"]
[Result "1-0"]
[Round "05"]
[TimeControl "180+1"]
[Date "2022.10.19"]
[WhiteClock "0:00:23"]
[BlackClock "0:00:39"]

1. d4 Nf6 2. c4 g6 3. Nc3 d5 4. cxd5 Nxd5 5. e4 Nxc3 6. bxc3 Bg7 7. Bc4 c5 8. Be3 Nc6 9. Ne2 Qa5 10. O-O cxd4 11. cxd4 O-O 12. Rb1 Rd8 13. Qb3 e6 14. Rfd1 Qh5 15. Ng3 Qa5 16. d5 exd5 17. Rxd5 Rxd5 18. Bxd5 Ne5 19. h3 Qd8 20. f4 Qh4 21. Bf2 Qxf4 22. Bxb7 Bxb7 23. Qxb7 Rf8 24. Qxa7 Nd3 25. Qe3 Qxf2+ 26. Qxf2 Nxf2 27. Kxf2 Ra8 28. Kf3 Rxa2 29. Rb8+ Bf8 30. e5 Kg7 31. Ne4 Ra3+ 32. Ke2 Ra2+ 33. Kf3 Ra3+ 34. Kf4 Ra4 35. h4 h6 36. g4 g5+ 37. hxg5 hxg5+ 38. Kf5 f6 39. Rb7+ Kh8 40. Nxf6 Bg7 41. Rb8+ Bf8 42. Rxf8+ Kg7 43. Rg8+ Kf7 44. Rxg5 Ra6 45. Rh5 Kg7 46. Rh7+ Kf8 47. Kg6 Ra1 48. Rf7# 1-0


[Site "https://www.chess.com"]

[Event "Titled Tuesday Blitz October 18 Late 2022"]
[White "Bach, Matthias"]
[Black "Marin Ramirez, Gerardo"]
[WhiteFideId "4603168"]
[BlackFideId "3901068"]
[WhiteElo "2165"]
[BlackElo "2041"]
[Result "1-0"]
[Round "05"]
[TimeControl "180+1"]
[Date "2022.10.19"]
[WhiteClock "0:00:22"]
[BlackClock "0:00:09"]

1. d4 d5 2. c4 c6 3. Nc3 Nf6 4. Nf3 a6 5. g3 e6 6. Bg2 Be7 7. O-O b5 8. Ne5 bxc4 9. b3 cxb3 10. Qxb3 O-O 11. Na4 Nfd7 12. Nd3 a5 13. Bf4 Ba6 14. Rfc1 Bc4 15. Qc2 Na6 16. Nab2 Bxd3 17. Nxd3 c5 18. dxc5 Naxc5 19. Rab1 Nxd3 20. Qxd3 Nf6 21. Bc7 Qd7 22. Rb2 Bd6 23. Rbc2 Rfc8 24. Bb6 Rxc2 25. Qxc2 Qb5 26. Qc6 Qxc6 27. Rxc6 Bb4 28. e3 h6 29. Bf1 Ne4 30. Rc7 1-0


[Site "https://www.chess.com"]

[Event "Titled Tuesday Blitz October 18 Late 2022"]
[White "Ballester Llagaria, Luis Eduardo"]
[Black "Pakleza, Zbigniew"]
[WhiteFideId "2297620"]
[BlackFideId "1119290"]
[WhiteElo "2344"]
[BlackElo "2411"]
[Result "0-1"]
[Round "05"]
[TimeControl "180+1"]
[Date "2022.10.18"]
[WhiteClock "0:00:07"]
[BlackClock "0:00:53"]

1. e4 d6 2. d4 Nf6 3. Nc3 c6 4. f4 Qb6 5. Nf3 Bg4 6. e5 Nd5 7. Bc4 e6 8. O-O Nd7 9. Bb3 dxe5 10. Nxd5 cxd5 11. fxe5 Nxe5 12. Ba4+ Nc6 13. c3 Bd6 14. Bc2 O-O-O 15. h3 Bh5 16. b4 Qc7 17. Qe1 Bg3 18. Qe3 Bd6 19. a4 Rde8 20. a5 Kb8 21. a6 b6 22. b5 Na5 23. Rxa5 bxa5 24. Bd2 f6 25. Rb1 Ka8 26. Bd3 Bg6 27. Bxg6 hxg6 28. Qe1 Re7 29. c4 Qxc4 30. Bxa5 Rb8 31. b6 Qxa6 32. bxa7 Rxb1 33. Qxb1 Qxa5 0-1


[Site "https://www.chess.com"]

[Event "Titled Tuesday Blitz October 18 Late 2022"]
[White "Banzea, Alexandru-Bogdan"]
[Black "Kaganskiy, Gleb"]
[WhiteFideId "1232622"]
[BlackFideId "4132025"]
[WhiteElo "2294"]
[BlackElo "2165"]
[Result "1-0"]
[Round "05"]
[TimeControl "180+1"]
[Date "2022.10.19"]
[WhiteClock "0:00:53"]
[BlackClock "0:01:07"]

1. d4 Nf6 2. Bf4 d5 3. Nf3 c5 4. e3 Nc6 5. Nbd2 cxd4 6. exd4 Bg4 7. c3 e6 8. Qb3 Qc8 9. Bd3 Be7 10. O-O O-O 11. Rae1 Bh5 12. h4 Bg6 13. Bxg6 hxg6 14. g3 Rd8 15. Kg2 Bd6 16. Bxd6 Rxd6 17. Ne5 Nxe5 18. dxe5 Rb6 19. Qc2 Nd7 20. h5 gxh5 21. Rh1 g6 22. g4 hxg4 23. Qa4 Rxb2 24. Qf4 Qf8 25. Rh6 Qg7 26. Reh1 Rf8 27. Qh2 Qxe5 28. Rxg6+ Qg7 29. Qh8# 1-0


[Site "https://www.chess.com"]

[Event "Titled Tuesday Blitz October 18 Late 2022"]
[White "Barria Zuniga, Daniel"]
[Black "Shimanov, Aleksandr"]
[WhiteFideId "3400816"]
[BlackFideId "4198603"]
[WhiteElo "2414"]
[BlackElo "2605"]
[Result "0-1"]
[Round "05"]
[TimeControl "180+1"]
[Date "2022.10.18"]
[WhiteClock "0:00:03"]
[BlackClock "0:01:51"]

1. d4 d5 2. c4 e6 3. Nf3 c5 4. cxd5 exd5 5. Nc3 Nf6 6. Bg5 Be6 7. dxc5 Bxc5 8. e3 O-O 9. Be2 h6 10. Bh4 Nc6 11. O-O g5 12. Bg3 Ne4 13. Rc1 Be7 14. Nd4 Nxd4 15. Qxd4 Nxg3 16. hxg3 Bf6 17. Qb4 a5 18. Qxb7 Rb8 19. Qa7 Rxb2 20. Bf3 d4 21. Ne4 Bg7 22. Rfd1 g4 23. exd4 gxf3 24. d5 Bg4 25. d6 fxg2 26. Rd3 Bf5 27. Re3 Bxe4 28. Rxe4 Qxd6 29. Kxg2 Qd5 0-1


[Site "https://www.chess.com"]

[Event "Titled Tuesday Blitz October 18 Late 2022"]
[White "Baskakov, Egor"]
[Black "Karas, Marek"]
[WhiteFideId "24197866"]
[BlackFideId "14928558"]
[WhiteElo "2750"]
[BlackElo "2543"]
[Result "1-0"]
[Round "05"]
[TimeControl "180+1"]
[Date "2022.10.19"]
[WhiteClock "0:01:39"]
[BlackClock "0:00:02"]

1. e4 e6 2. Nc3 d5 3. g3 Nf6 4. Bg2 Be7 5. Nge2 O-O 6. d4 b6 7. exd5 exd5 8. O-O Bb7 9. Re1 Ne4 10. Nf4 Nxc3 11. bxc3 c6 12. Qg4 Bc8 13. Qe2 Bf6 14. Nh5 Nd7 15. Bf4 Bb7 16. Bh3 Bc8 17. Bd6 g6 18. Bxf8 Kxf8 19. Nxf6 Nxf6 20. Bxc8 Rxc8 21. Qe5 Kg7 22. a4 h5 23. Re3 Qd7 24. Rf3 Qe6 25. Qf4 Ne4 26. Re1 Re8 27. Rfe3 Qd7 28. h4 Nf6 29. Rxe8 Nxe8 30. Qe5+ Nf6 31. Re3 Qg4 32. Kg2 a5 33. Rf3 Qe6 34. Qc7 Ne4 35. Qxb6 Nd2 36. Re3 1-0


[Site "https://www.chess.com"]

[Event "Titled Tuesday Blitz October 18 Late 2022"]
[White "Besedes, Danilo"]
[Black "Ozen, Bahadir"]
[WhiteFideId "946796"]
[BlackFideId "6337058"]
[WhiteElo "2352"]
[BlackElo "2503"]
[Result "0-1"]
[Round "05"]
[TimeControl "180+1"]
[Date "2022.10.18"]
[WhiteClock "0:00:02"]
[BlackClock "0:00:14"]

1. d4 g6 2. Bf4 Bg7 3. e3 d6 4. Nf3 Nd7 5. Bb5 c6 6. Be2 e5 7. Bg3 Nh6 8. Nbd2 Nf5 9. c3 Qe7 10. e4 Nxg3 11. hxg3 O-O 12. O-O Nf6 13. Bd3 b5 14. Re1 a6 15. a4 Bb7 16. Qb3 Rfb8 17. Rad1 Nd7 18. Bf1 Nb6 19. axb5 axb5 20. Ra1 Bh6 21. c4 Nxc4 22. Nxc4 bxc4 23. Bxc4 Bc8 24. Rxa8 Rxa8 25. dxe5 dxe5 26. Rd1 Bg4 27. Qb6 Bxf3 28. gxf3 Bf8 29. Qxc6 Rd8 30. Bd5 Rb8 31. b3 Kg7 32. Kg2 h5 33. Ra1 h4 34. Rh1 hxg3 35. fxg3 Rb4 36. Qc3 Rd4 37. Qc1 Kg8 38. Rd1 Rxd1 39. Qxd1 Qc5 40. Qd2 Kg7 41. Qg5 Qc2+ 42. Kh3 Qc8+ 43. Kg2 Qc2+ 44. Kh3 Qc8+ 45. g4 Qc3 46. Kg3 Bc5 47. Qd8 Qe1+ 48. Kh3 Qh1+ 49. Kg3 Qg1+ 50. Kh3 Qf1+ 51. Kh2 Bg1+ 52. Kg3 Qf2+ 0-1


[Site "https://www.chess.com"]

[Event "Titled Tuesday Blitz October 18 Late 2022"]
[White "Bilan, Danila"]
[Black "Czernek, Tymon"]
[WhiteFideId "24161918"]
[BlackFideId "1199510"]
[WhiteElo "2497"]
[BlackElo "2659"]
[Result "0-1"]
[Round "05"]
[TimeControl "180+1"]
[Date "2022.10.19"]
[WhiteClock "0:00:03"]
[BlackClock "0:00:20"]

1. d4 Nf6 2. Nf3 g6 3. Bg5 Bg7 4. c3 O-O 5. Nbd2 d5 6. e3 c5 7. Bd3 Nc6 8. O-O h6 9. Bh4 Bg4 10. h3 Bf5 11. Bxf5 gxf5 12. Ne5 Kh7 13. f4 Qe8 14. Qc2 Ne4 15. Nxe4 dxe4 16. Nxc6 Qxc6 17. Bxe7 Rg8 18. dxc5 Rae8 19. Bd6 Re6 20. Rad1 b6 21. b4 Rg6 22. Rf2 Bf6 23. Qb3 Qe8 24. Qd5 Bxc3 25. c6 a6 26. a4 b5 27. axb5 axb5 28. Qxb5 Qe6 29. Qd5 Qf6 30. Qc4 Rg3 31. Be5 Bxe5 32. fxe5 Qg6 33. Rdd2 Rxe3 34. Rde2 Rxh3 35. c7 Qh5 36. Rxf5 Rh1+ 37. Kf2 Rxg2+ 38. Kxg2 Qh2# 0-1


[Site "https://www.chess.com"]

[Event "Titled Tuesday Blitz October 18 Late 2022"]
[White "Brown, Andrew"]
[Black "Mortazavi, Ali"]
[WhiteFideId "3206513"]
[BlackFideId "401323"]
[WhiteElo "2245"]
[BlackElo "2339"]
[Result "0-1"]
[Round "05"]
[TimeControl "180+1"]
[Date "2022.10.19"]
[WhiteClock "0:00:05"]
[BlackClock "0:00:18"]

1. d4 Nf6 2. c4 g6 3. Nc3 Bg7 4. e4 d6 5. Nf3 O-O 6. Be2 Bg4 7. Be3 Nbd7 8. O-O e5 9. d5 a5 10. a3 b6 11. b4 Kh8 12. h3 Bxf3 13. Bxf3 Ne8 14. Qc2 f5 15. Nb5 Qh4 16. Rfc1 Bh6 17. Qd2 Bxe3 18. Qxe3 Ndf6 19. Nxc7 Nxc7 20. Qxb6 fxe4 21. Be2 Ncxd5 22. cxd5 Nxd5 23. Qc6 Qxf2+ 24. Kh1 Nf4 25. Bf1 Nh5 26. Qxd6 Rae8 27. b5 e3 28. Re1 Ng3+ 29. Kh2 Qf4 30. Kg1 Qf2+ 31. Kh2 e2 32. Bxe2 Nxe2 33. Rf1 Qg3+ 34. Kh1 Nf4 35. Qc6 e4 36. Qc3+ Qxc3 0-1


[Site "https://www.chess.com"]

[Event "Titled Tuesday Blitz October 18 Late 2022"]
[White "Bulgurlu, Okan"]
[Black "Becerra, Juan David"]
[WhiteFideId "6352316"]
[BlackFideId "4404998"]
[WhiteElo "2179"]
[BlackElo "2278"]
[Result "0-1"]
[Round "05"]
[TimeControl "180+1"]
[Date "2022.10.19"]
[WhiteClock "0:00:21"]
[BlackClock "0:02:27"]

1. e4 c5 2. Nf3 d6 3. Bb5+ Nc6 4. O-O Bd7 5. Re1 a6 6. Bxc6 Bxc6 7. d4 cxd4 8. Nxd4 Bd7 9. Nc3 e5 10. Nf5 Be6 11. Nd5 g6 12. Nfe3 Nf6 13. Nxf6+ Qxf6 14. Nd5 Qd8 15. Bg5 Qxg5 16. Nc7+ Kd7 17. Nxa8 Qd8 18. c4 Qxa8 19. Qa4+ Ke7 20. Rad1 Qc8 21. b3 Kf6 22. Qa5 Kg7 23. f4 Qc5+ 24. Qxc5 dxc5 25. fxe5 Be7 26. Rf1 b5 27. cxb5 axb5 28. Rc1 c4 29. bxc4 bxc4 30. a4 Ra8 31. Ra1 Bc5+ 32. Kh1 Bd4 33. Ra3 Ra5 34. Rc1 c3 35. Rc2 Bxe5 36. g3 Bc4 37. Kg2 Bd3 38. Rcxc3 Bxe4+ 39. Kh3 Bxc3 40. Rxc3 Rxa4 41. Re3 Bf5+ 0-1


[Site "https://www.chess.com"]